 Dungeon Crawl Stone Soup version 0.24.1-14-gf8d2b509d9 (webtiles) character file.

Game seed: 12129581130817355307, levelgen mode: deterministic

93 angvis the Shield-Bearer (level 4, 0/37 HPs)
             Began as a Formicid Fighter on May 23, 2020.
             Slain by Natasha (2 damage)
             ... on level 2 of the Dungeon.
             The game lasted 00:07:49 (1770 turns).

angvis the Shield-Bearer (Formicid Fighter)         Turns: 1770, Time: 00:07:49

Health: 0/37       AC:  5    Str: 21    XL:     4   Next: 91%
Magic:  4/4        EV:  8    Int:  8    God:
Gold:   56         SH:  9    Dex: 10    Spells: 3/3 levels left

rFire    . . .     SeeInvis +   a - +0 trident
rCold    . . .     Gourm    .   c - +0 shield
rNeg     . . .     Faith    .   k - +0 ring mail (curse)
rPois    .         Spirit   .   (helmet unavailable)
rElec    .         Reflect  .   (no cloak)
rCorr    .         Harm     .   (no gloves)
MR       .....                  (no boots)
Stlth    ..........             (no amulet)
HPRegen  0.12/turn              (no ring)
MPRegen  0.09/turn              (no ring)

@: no status effects
A: permanent stasis, dig shafts and tunnels, four strong arms, antennae 3
a: Dig, Shaft Self


You were on level 2 of the Dungeon.
You were not hungry.

You visited 1 branch of the dungeon, and saw 2 of its levels.

You collected 56 gold pieces.

Inventory:

Hand Weapons
 a - a +0 trident (weapon)
Missiles
 e - 46 stones (quivered)
Armour
 b - a +0 scale mail
 c - a +0 shield (worn)
 k - a cursed +0 ring mail (worn)
Jewellery
 i - an uncursed ring of ice
Scrolls
 h - a scroll of identify {unknown}
 j - a scroll of immolation {unknown}
Potions
 d - 2 potions of might
 l - a potion of curing {unknown}
Comestibles
 f - 2 rations
 g - 2 chunks of flesh


   Skills:
 + Level 3.8 Fighting
 * Level 3.1 Polearms
 + Level 1.3 Throwing
 + Level 3.7 Armour
 + Level 4.1 Shields


You had 3 spell levels left.
You didn't know any spells.
Your spell library was empty.

Dungeon Overview and Level Annotations

Branches:
Dungeon (2/15)

Altars:
Zin

Annotations:
D:2 2 transporters, Natasha


Innate Abilities, Weirdness & Mutations

You cannot be hasted, slowed, berserked, paralysed or teleported.
You can dig through walls and to a lower floor.
Your four strong arms can wield two-handed weapons with a shield.
You have a pair of large antennae on your head. (SInv)


Message History

Pain shoots through your body!
* * * LOW HITPOINT WARNING * * *
You closely miss Natasha.
Natasha is moderately wounded.
Natasha claws you.
* * * LOW HITPOINT WARNING * * *
The shadow imp hits you but does no damage.
You barely miss Natasha.
Natasha is moderately wounded.
The shadow imp disappears in a puff of smoke!
You block Natasha's attack.
You hit Natasha.
Natasha is moderately wounded.
You block Natasha's attack.
You barely miss Natasha.
Natasha is moderately wounded.
Natasha claws you.
* * * LOW HITPOINT WARNING * * *
Natasha claws you.
You die...

#.##.............................
.......[.................####.###
#.##...#...............©......#
.......#.########..#########..#
.......#.#.##.#...##8.._$$8##.#
#.##...#.#....#...#...?$))lK#.#
#.##...#.#.##.#...#..#...#..#.###
#.##.<..........h.#h#.....#.#....
...............(@(#l.......©#....
........#.......?(#K#.....#.#.##.
#.##.#.##.........#..#.©.#..#.##.
#....#...........(#.........#.##.
#<########......((##8.....8##.##.
.÷.............##.(#########..##.
##.#######.##### #.....©...... #.
#.# ..... ##.#.. #.# .......# .#


You could see a howler monkey, an iguana, Natasha and a kobold.

Vanquished Creatures
  Natasha (D:2)
  2 adders (D:2)
  An ooze (D:1)
  A worm (D:2)
  4 dart slugs (D:1)
  3 leopard geckos
  3 bats
  2 giant cockroaches (D:1)
  5 goblins
  2 hobgoblins
  4 jackals (D:2)
  4 kobolds (D:1)
  3 rats
35 creatures vanquished.

Notes
Turn   | Place    | Note
-------+----------+-------------------------------------------
     0 | D:1      | angvis the Formicid Fighter began the quest for the Orb.
     0 | D:1      | Reached XP level 1. HP: 18/18 MP: 1/1
   182 | D:1      | Reached XP level 2. HP: 24/24 MP: 2/2
   413 | D:1      | Reached XP level 3. HP: 29/29 MP: 3/3
  1002 | D:2      | Found a transporter.
  1005 | D:2      | Found a glowing silver altar of Zin.
  1005 | D:2      | Found a transporter.
  1057 | D:2      | Reached skill level 1 in Throwing
  1233 | D:2      | Reached skill level 4 in Shields
  1254 | D:2      | Reached XP level 4. HP: 34/37 MP: 4/4
  1311 | D:2      | Noticed Natasha
  1322 | D:2      | Killed Natasha
  1499 | D:2      | Noticed Natasha
  1770 | D:2      | Slain by Natasha

Levels and vault maps discovered:
D:1:      grunt_arrival_crossed_arrows, layout_basic
D:2:      layout_basic, gammafunk_temple_overflow_arena, old_standard_altar,
          minivault_11, minmay_misc_feat_iff, uniq_natasha

Skill      XL: |  1  2  3  4 |
---------------+-------------+-----
Throwing       | 1 |  1.3
Shields        | 4 |  4.1
Polearms       | 3 |  3.1
Fighting       | |  3.8
Armour         | |  3.7

Action                   |  1- 3 |  4- 6 || total
-------------------------+-------+-------++-------
Melee: Trident           |    79 |    59 ||   138
Throw: Stone             |    21 |    15 ||    36
  Eat: Chunk             |     1 |     2 ||     3
Armor: Scale mail        |    13 |       ||    13
       Ring mail         |     9 |    18 ||    27
Dodge: Dodged            |    14 |    24 ||    38
Block: Shield            |    30 |    42 ||    72
